 Dungeon Crawl Stone Soup version 0.27.1-34-g3ba077fa99 (webtiles) character file.

Game seed: 12009753652350608782

121 cbfl8 the Sneak (level 4, -10/41 HPs)
             Began as a Minotaur Delver on Jan 16, 2022.
             Mangled by an ice beast (14 damage)
             ... on level 5 of the Dungeon.
             The game lasted 00:00:34 (541 turns).

cbfl8 the Sneak (Minotaur Delver)                    Turns: 541, Time: 00:00:36

Health: -10/41     AC:  3    Str: 16    XL:     4   Next: 77%
Magic:  3/3        EV: 12    Int:  8    God:
Gold:   10         SH:  0    Dex: 12    Spells: 3/3 levels left

rFire    . . .     SeeInvis .   a - +0 hand axe
rCold    . . .     Faith    .   (no shield)
rNeg     . . .     Spirit   .   b - +0 leather armour
rPois    .         Reflect  .   (helmet restricted)
rElec    .         Harm     .   (no cloak)
rCorr    .         Rampage  .   (no gloves)
Will     .....                  (no boots)
Stlth    +++.......             (no amulet)
HPRegen  0.13/turn              (no ring)
MPRegen  0.08/turn              (no ring)

@: no status effects
A: horns 2, retaliatory headbutt
a: no special abilities


You were on level 5 of the Dungeon.
You visited 1 branch of the dungeon, and saw 1 of its levels.

You collected 10 gold pieces.

Inventory:

Hand Weapons
 a - a +0 hand axe (weapon)
Armour
 b - a +0 leather armour (worn)
Wands
 g - a wand of digging (3)
Scrolls
 c - a scroll of fog
 d - a scroll of magic mapping
 e - a scroll of fear
 h - 2 scrolls of teleportation {unknown}
Potions
 f - a potion of haste
 i - a potion of curing {unknown}
 j - a potion of mutation {unknown}
 k - a potion of attraction {unknown}


   Skills:
 + Level 4.3 Fighting
 + Level 2.9 Axes
 + Level 0.3 Armour
 + Level 2.4 Dodging
 + Level 5.4 Stealth


You had 3 spell levels left.
You didn't know any spells.
Your spell library was empty.

Dungeon Overview and Level Annotations

Branches:
Dungeon (5/15)
 Temple: D:4-7

Altars:


Innate Abilities, Weirdness & Mutations

You have a pair of horns on your head.
You reflexively headbutt those who attack you in melee.


Message History

* * * LOW HITPOINT WARNING * * *
Unknown command.
Unknown command.
Unknown command.
Unknown command.
Unknown command.
Unknown command.
Unknown command.
You hit the water moccasin skeleton.
You destroy the water moccasin skeleton!
You start resting.
You start resting.
HP restored.
j - a metallic coppery potion
k - a green potion You open the door.
You open the door.
An ice beast comes into view.
Found a scroll labelled YRHOAR YRUECI.
There is an open door here.
You barely miss the ice beast. The ice beast closely misses you.
You hit the ice beast but do no damage. Your headbutt misses the ice beast.
The ice beast misses you.
You barely miss the ice beast.
You headbutt the ice beast, but do no damage.
The ice beast hits you. The ice beast freezes you!
You hit the ice beast.
The ice beast is lightly wounded.
The ice beast barely misses you.
You hit the ice beast.
The ice beast is moderately wounded.
The ice beast hits you. The ice beast freezes you!
You hit the ice beast.
The ice beast is moderately wounded.
The ice beast hits you. The ice beast freezes you!
* * * LOW HITPOINT WARNING * * *
The ice beast hits you.
* * * LOW HITPOINT WARNING * * *
The ice beast freezes you!
You die...

#.........##.......
#+##......'........
##.....#........
#.....#.#'########
#.....#..........#
#.....#..........#
#.....#..........#
##.#..#..........#
#.#..#.#@########
#.#Y# #.#?# ..#.#
###.# #.# #.# #.#


You could see an ice beast.

Vanquished Creatures
  A phantom (D:5)
  A water moccasin skeleton (D:5)
2 creatures vanquished.

Notes
Turn   | Place    | Note
-------+----------+-------------------------------------------
     0 | D:5      | cbfl8 the Minotaur Delver began the quest for the Orb.
     0 | D:5      | Reached XP level 1. HP: 19/19 MP: 0/0
     5 | D:5      | Noticed a phantom
    31 | D:5      | Killed a phantom
    32 | D:5      | Reached skill level 5 in Stealth
    32 | D:5      | Reached XP level 2. HP: 19/27 MP: 1/1
    32 | D:5      | Reached XP level 3. HP: 24/33 MP: 2/2
    32 | D:5      | Reached XP level 4. HP: 29/40 MP: 3/3
   534 | D:5      | Noticed an ice beast
   541 | D:5      | Mangled by an ice beast

Illustrated notes

Levels and vault maps discovered:
D:5:      layout_basic, minmay_temple_entry_enclosed_plants, serial_shops,
          nicolae_shop_stone, hangedman_decor_riveting,
          hangedman_abyss_or_decor_passed

Skill      XL: |  1 |
---------------+----+-----
Fighting       | 4 |  4.3
Stealth        | 5 |  5.4
Axes           | |  2.9
Armour         | |  0.3
Dodging        | |  2.4

Action                   |  1- 3 |  4- 6 || total
-------------------------+-------+-------++-------
Melee: Hand axe          |     8 |    17 ||    25
       Headbutt          |       |     3 ||     3
Armor: Leather armour    |     2 |       ||     2
Dodge: Dodged            |     5 |    11 ||    16
